 Dungeon Crawl Stone Soup version 0.23.2-33-g5129a83184 (webtiles) character file.

Game seed: 8922133441004419110

3817 Ebilmort the Thaumaturge (level 9, 0/45 HPs)
             Began as a Deep Elf Wizard on Aug 11, 2019.
             Was a Follower of Vehumet.
             Engulfed by a cloud of noxious fumes (1 damage)
             ... on level 8 of the Dungeon.
             The game lasted 00:47:47 (8448 turns).

Ebilmort the Thaumaturge (Deep Elf Wizard)          Turns: 8448, Time: 00:47:47

Health: 0/45       AC:  8    Str:  4    XL:     9   Next: 97%
Magic:  20/34      EV: 16    Int: 27    God:    Vehumet [*.....]
Gold:   359        SH:  0    Dex: 13    Spells: 18/29 levels left

rFire    + . .     SeeInvis .   t - staff of fire
rCold    . . .     Gourm    .   (no shield)
rNeg     . . .     Faith    .   n - +1 robe
rPois    .         Spirit   .   c - +2 helmet
rElec    .         Reflect  .   D - +0 cloak
rCorr    .         Harm     .   u - +0 pair of gloves
MR       .....                  (no boots)
Stlth    ++........             y - amulet of the acrobat
HPRegen  0.15/turn              h - ring of wizardry
MPRegen  0.24/turn              i - ring of magical power

@: no status effects
A: no striking features
a: Renounce Religion


You were on level 8 of the Dungeon.
You worshipped Vehumet.
Vehumet was aware of your devotion.
You were not hungry.

You visited 2 branches of the dungeon, and saw 9 of its levels.

You collected 359 gold pieces.

Inventory:

Hand Weapons
 l - a +2 dagger of venom
 C - a +2 quarterstaff of chaos
Armour
 c - a +2 helmet (worn)
 m - the +1 leather armour of the Orb {rPois Regen+ Dex+4}
   (You found it on level 4 of the Dungeon)

   It affects your dexterity (+4).
   It protects you from poison.
   It increases your rate of regeneration.
 n - a +1 robe (worn)
 u - a +0 pair of gloves (worn)
 D - a +0 cloak (worn)
Magical Staves
 t - an uncursed staff of fire (weapon)
Jewellery
 h - a ring of wizardry (left hand)
 i - a ring of magical power (right hand)
 s - an uncursed ring of protection from cold
 y - an amulet of the acrobat (around neck)
 E - a cursed ring of teleportation {unknown}
Wands
 r - a wand of paralysis (9)
 B - a wand of iceblast (7)
Scrolls
 g - 5 scrolls of identify
 j - a scroll of enchant armour
 p - 3 scrolls of enchant weapon
 q - 6 scrolls of remove curse
 x - a scroll of amnesia
 z - a scroll of teleportation
 F - a scroll of torment {unknown}
Potions
 a - a potion of mutation {unknown}
 b - 4 potions of agility
 e - a potion of flight {unknown}
 f - 3 potions of ambrosia {unknown}
 k - a potion of magic {unknown}
 o - a potion of resistance {unknown}
 v - a potion of brilliance {unknown}
 w - a potion of invisibility {unknown}
 A - a potion of degeneration {unknown}
Comestibles
 d - 13 rations


   Skills:
 * Level 7.8 Dodging
 - Level 2.4 Stealth
 + Level 10.5 Spellcasting
 + Level 8.2 Conjurations
 - Level 1.1 Summonings
 - Level 1.1 Translocations
 - Level 8.1 Fire Magic


You had 18 spell levels left.
You knew the following spells:

 Your Spells              Type           Power        Failure   Level  Hunger
a - Magic Dart            Conj           ####         1%          1    None
b - Blink                 Tloc           N/A          1%          2    None
c - Call Imp              Summ           ###.....     1%          2    None
d - Conjure Flame         Conj/Fire      ######..     1%          3    None
e - Mephitic Cloud        Conj/Pois/Air  ####....     1%          3    None

Your spell library contained the following spells:

 Spells                   Type           Power        Failure   Level  Hunger
 Freeze                   Ice            ##..         1%          1    None
 Slow                     Hex            ##......     2%          2    None


Dungeon Overview and Level Annotations

Branches:
Dungeon (8/15)             Temple (1/1) D:7
   Lair: D:8-11

Altars:
Cheibriados
Elyvilon
Nemelex Xobeh
Okawaru
Qazlal
Ru
Uskayaw
Vehumet
Wu Jian
Yredelemnul
The Shining One


Message History

Press: ? - help, Shift-Dir - straight line, f/p - two-headed ogre
Aim: a two-headed ogre, wielding two +0 giant spiked clubs (flame, heavily wounded)
The magic dart hits the two-headed ogre.
The two-headed ogre is heavily wounded.
Casting: Magic Dart (safe; 1% risk of failure)
Confirm with . or Enter, or press ? or * to list all spells.
Aiming: Magic Dart (safe; 1% risk of failure)
Press: ? - help, Shift-Dir - straight line, f/p - two-headed ogre
Aim: a two-headed ogre, wielding two +0 giant spiked clubs (flame, heavily wounded)
The magic dart hits the two-headed ogre.
The two-headed ogre is severely wounded.
The two-headed ogre is engulfed in blazing flames.
The two-headed ogre hits you with a +0 giant spiked club!!
Ouch! That really hurt!
* * * LOW HITPOINT WARNING * * *
The two-headed ogre closely misses you.
Casting: Magic Dart (safe; 1% risk of failure)
Confirm with . or Enter, or press ? or * to list all spells.
You blink.
You are engulfed in noxious fumes.
You die...

#.# ######.## #.# .#
##.#### #.....# #+##
##.##.# #...# ####.#
#..>.. #....##
#......
###.#...####.......
.........§O§@°......
####.#...####.......
#.##.## #...... .
### #..... ## #...#
#+##


You could see a two-headed ogre.

Vanquished Creatures
  Harold (D:8)
  Grinder (D:3)
  A hippogriff (D:7)
  Sigmund (D:3)
  Eustachio (D:5)
  Menkaure (D:7)
  2 ice beasts (D:8)
  A sky beast (D:5)
  A necrophage (D:8)
  2 ogres
  A centaur (D:6)
  A big kobold (D:7)
  Blork the orc (D:6)
  A gnoll sergeant (D:7)
  2 bullfrogs
  2 scorpions
  2 crimson imps
  3 howler monkeys
  2 hounds
  A quasit (D:7)
  2 bullfrog skeletons
  4 jellies
  5 orc wizards
  4 orc priests
  Crazy Yiuf (D:7)
  2 iguanas
  Natasha (thrice) (D:3)
  7 worker ants
  A hound skeleton (D:4)
  A worker ant zombie (D:6)
  10 gnolls
  A howler monkey skeleton (D:7)
  7 adders
  4 oozes
  An adder skeleton (D:4)
  2 worms (D:2)
  A dart slug (D:1)
  3 leopard geckos
  20 orcs
  6 bats
  10 giant cockroaches
  13 goblins
  12 hobgoblins
  9 jackals
  5 quokkas
  19 frilled lizards
  A jackal zombie (D:8)
  8 kobolds
  A quokka skeleton (D:5)
  9 rats
200 creatures vanquished.

Notes
Turn   | Place    | Note
-------+----------+-------------------------------------------
     0 | D:1      | Ebilmort the Deep Elf Wizard began the quest for the Orb.
     0 | D:1      | Reached XP level 1. HP: 10/10 MP: 7/7
   164 | D:1      | Reached XP level 2. HP: 15/15 MP: 2/9
   422 | D:1      | Reached skill level 5 in Spellcasting
   538 | D:1      | Reached XP level 3. HP: 16/19 MP: 1/11
   915 | D:2      | Learned a level 2 spell: Blink
   918 | D:2      | Learned a level 2 spell: Call Imp
   922 | D:2      | Learned a level 3 spell: Conjure Flame
   964 | D:2      | Learned a level 3 spell: Mephitic Cloud
  1341 | D:2      | Reached XP level 4. HP: 24/24 MP: 4/13
  1523 | D:2      | Reached skill level 1 in Fire Magic
  1964 | D:3      | Noticed Natasha
  1971 | D:3      | Killed Natasha
  2067 | D:3      | Reached skill level 6 in Spellcasting
  2083 | D:3      | Reached XP level 5. HP: 28/28 MP: 1/15
  2199 | D:3      | Noticed Sigmund
  2208 | D:3      | Found a glowing golden altar of the Shining One.
  2211 | D:3      | Killed Sigmund
  2211 | D:3      | Reached XP level 6. HP: 32/32 MP: 3/17
  2324 | D:3      | Noticed Grinder
  2348 | D:3      | Killed Grinder
  2557 | D:3      | Reached skill level 7 in Spellcasting
  2848 | D:3      | Reached XP level 7. HP: 34/36 MP: 13/19
  2865 | D:3      | Noticed Natasha
  2870 | D:3      | Killed Natasha
  2973 | D:3      | Noticed Natasha
  2977 | D:3      | Killed Natasha
  2999 | D:4      | Reached skill level 5 in Fire Magic
  3160 | D:4      | Got a jewelled leather armour
  3395 | D:4      | Reached skill level 5 in Conjurations
  3929 | D:4      | Identified the +1 leather armour of the Orb {rPois Regen+
                  | Dex+4} (You found it on level 4 of the Dungeon)
  3950 | D:5      | Entered Level 5 of the Dungeon
  4157 | D:5      | Reached XP level 8. HP: 40/41 MP: 17/21
  4249 | D:5      | Reached skill level 8 in Spellcasting
  4254 | D:5      | Noticed Eustachio
  4272 | D:5      | Killed Eustachio
  5307 | D:6      | Found an ornate altar of the Wu Jian Council.
  5477 | D:6      | Reached skill level 9 in Spellcasting
  5798 | D:6      | Noticed Blork the orc
  5831 | D:6      | Killed Blork the orc
  5833 | D:6      | Found a basalt altar of Yredelemnul.
  6159 | D:7      | Reached XP level 9. HP: 45/45 MP: 24/24
  6331 | D:7      | Found a staircase to the Ecumenical Temple.
  6336 | Temple   | Entered the Ecumenical Temple
  6346 | Temple   | Became a worshipper of Vehumet
  6686 | D:7      | Found a sacrificial altar of Ru.
  6783 | D:7      | Reached skill level 5 in Dodging
  6921 | D:7      | Found a runed translucent door.
  6922 | D:7      | Noticed Crazy Yiuf
  6932 | D:7      | Killed Crazy Yiuf
  7024 | D:7      | Noticed Menkaure
  7063 | D:7      | Killed Menkaure
  7349 | D:7      | Found a sparkling altar of Nemelex Xobeh.
  7738 | D:8      | Found a snail-covered altar of Cheibriados.
  7908 | D:8      | Reached skill level 10 in Spellcasting
  8022 | D:8      | Reached * piety under Vehumet
  8022 | D:8      | Offered knowledge of Freeze by Vehumet.
  8236 | D:8      | Noticed Harold
  8264 | D:8      | Killed Harold
  8437 | D:8      | Noticed a two-headed ogre
  8447 | D:8      | HP: 1/45 [two-headed ogre/+0 giant spiked club (27)]
  8448 | D:8      | Engulfed by a cloud of noxious fumes

Skill      XL: |  1  2  3  4  5  6  7  8  9 |
---------------+----------------------------+-----
Conjurations   | 2 3 4 5 6 8 |  8.2
Spellcasting   | 5 6 7 9 10 | 10.5
Fire Magic     | 2 3 4 6 8 |  8.1
Dodging        | 3 7 |  7.8
Stealth        | |  2.4
Summonings     | |  1.1
Translocations | |  1.1

Action                   |  1- 3 |  4- 6 |  7- 9 || total
-------------------------+-------+-------+-------++-------
Melee: Unarmed           |    24 |       |       ||    24
       Dagger            |       |     7 |     4 ||    11
       Staff             |       |       |     6 ||     6
 Cast: Magic Dart        |   102 |   104 |   431 ||   637
       Conjure Flame     |     1 |     2 |    32 ||    35
       Mephitic Cloud    |       |     1 |    15 ||    16
       Blink             |       |       |     5 ||     5
       Call Imp          |       |       |     4 ||     4
  Use: Scroll            |       |     4 |    11 ||    15
       Potion            |       |       |     7 ||     7
 Stab: Confused          |       |       |     1 ||     1
  Eat: Ration            |     1 |       |     2 ||     3
       Chunk             |       |     2 |    10 ||    12
Armor: Robe              |    30 |     2 |    21 ||    53
Dodge: Dodged            |    72 |    11 |    38 ||   121
